 Dungeon Crawl Stone Soup version 0.29.0-15-g675c0067aa (webtiles) character file.

Game seed: 11714525469178898027

175 grinvi4 the Conjurer (level 5, -2/31 HPs)
             Began as an Octopode Conjurer on Sept 12, 2022.
             Killed from afar by Sigmund (12 damage)
             ... with a puff of flame
             ... on level 2 of the Dungeon.
             The game lasted 00:16:27 (3408 turns).

grinvi4 the Conjurer (Octopode Conjurer)            Turns: 3408, Time: 00:16:27

Health: -2/31      AC:  1    Str:  6    XL:     5   Next: 55%
Magic:  8/9        EV: 13    Int: 22    God:
Gold:   52         SH:  0    Dex: 11    Spells: 6/10 levels left

rFire   . . .      SeeInvis .   c - +0 dagger
rCold   . . .      Faith    .   (no shield)
rNeg    . . .      Spirit   .   (helmet restricted)
rPois   .          Reflect  .   (no amulet)
rElec   .          Harm     .   (no ring)
rCorr   .          Rampage  .   (no ring)
Will    .....                   (no ring)
Stlth   +++.......              (no ring)
HPRegen 0.10/turn               (no ring)
MPRegen 0.11/turn               (no ring)
                                (no ring)
                                (no ring)

@: no status effects
A: almost no armour, amphibious, 8 rings, camouflage 1, gelatinous body 1,
(nimble swimmer 1), tentacles
a: no special abilities


You were on level 2 of the Dungeon.
You visited 1 branch of the dungeon, and saw 2 of its levels.

You collected 52 gold pieces.

Inventory:

Hand Weapons
 c - a +0 dagger (weapon)
 d - a +0 short sword
Missiles
 l - a throwing net
Wands
 k - a wand of polymorph (9)
Scrolls
 g - 2 scrolls of identify {unknown}
 h - 2 scrolls of vulnerability {unknown}
 i - a scroll of teleportation {unknown}
 j - a scroll of enchant weapon {unknown}
Potions
 a - a potion of magic
 b - 2 potions of heal wounds {unknown}
 e - a potion of flight {unknown}
 f - a potion of curing {unknown}


   Skills:
 - Level 0.2 Fighting
 + Level 3.1 Dodging
 - Level 3.1 Stealth
 + Level 3.1 Spellcasting
 + Level 5.3 Conjurations


You had 6 spell levels left.
You knew the following spells:

 Your Spells              Type           Power      Damage    Failure   Level
a - Magic Dart            Conj           100%       1d8       1%          1
b - Dazzling Flash        Conj/Hex       30%        N/A       12%         3

Your spell library contained the following spells:

 Spells                   Type           Power      Damage    Failure   Level
 Searing Ray              Conj           52%        2d6       1%          2
 Apportation              Tloc           6%         N/A       12%         1
 Fulminant Prism          Conj/Hex       7%         3d7       38%         4
 Iskenderun's Mystic Bla  Conj/Tloc      15%        2d5       38%         4
 Lightning Bolt           Conj/Air       7%         1d20      75%         5
 Airstrike                Air            1%         2d(1-17)  77%         4
 Summon Lightning Spire   Summ/Air       3%         N/A       77%         4
 Alistair's Intoxication  Tmut/Pois      2%         N/A       98%         5


Dungeon Overview and Level Annotations

Branches:
Dungeon (2/15)

Altars:

Annotations:
D:2 Sigmund


Innate Abilities, Weirdness & Mutations

You cannot wear most types of armour.
You are amphibious.
You can wear up to eight rings at the same time.
Your skin changes colour to match your surroundings (Stealth+).
Your rubbery body absorbs attacks. (AC +1, EV +1)
((You are camouflaged when in or above water. (Stealth+)))
You have tentacles for arms and can constrict up to eight enemies at once.


Message History

Press: ? - help, Shift-Dir - straight line, f - Sigmund
Aim: Sigmund, wielding a +1 scythe of protection and wearing a +0 robe (100% to hit)
The magic dart hits Sigmund but does no damage.
Sigmund casts a spell.
Sigmund flickers and vanishes!
Deactivating autopickup; reactivate with Ctrl-A.
Autopickup is now on.
Autopickup is now off.
You are confused.
Something hits you!
You bump into the rock wall.
You hear some strange, mumbled words.
You are more confused.
You bump into the rock wall.
Something hits you! Something hits you.
* * * LOW HITPOINT WARNING * * *
You hear some strange, mumbled words.
Something tries to affect you, but you resist.
You bump into the rock wall.
You bump into the rock wall.
You feel less confused. Something hits you but does no damage.
Something tries to affect you, but you resist.
Casting: Magic Dart (safe; 1% risk of failure)
Confirm with . or Enter, or press ? or * to list all spells.
You can't see any susceptible monsters within range! (Use Z to cast anyway.) Sigmund appears from thin air!
Casting: Magic Dart (safe; 1% risk of failure)
Confirm with . or Enter, or press ? or * to list all spells.
Aiming: Magic Dart (safe; 1% risk of failure)
Press: ? - help, Shift-Dir - straight line, f/p - Sigmund
Aim: Sigmund, wielding a +1 scythe of protection and wearing a +0 robe (100% to hit)
The magic dart hits Sigmund.
Sigmund is lightly wounded.
Sigmund casts a spell.
Sigmund flickers and vanishes!
You see here a +0 flail.
A puff of flame appears from out of thin air!
The puff of flame hits you!
You die...

##### #.....##### #...#
#...#.....# ##### #.8.#
#...#...(.###########...#
#...###.⌠.#...<.#....)......#.##
..........#.....#.###########..#
........###...).#.# ##.#
........# #...)...# #.##
#.......####.....## #####...
#........^.#....@#########.......
#........<.#....[...){.....#####.
...........#........###.#### ##
⌠.###...####..##...####..## # ..#
#.8.#..##.###....###..##### #
..###...#.###.#####.............#
..#.#####...#.. ##.####....##.
.##.# ##.....## #....####....
....# #.......# ####.# ###.


There were no monsters in sight!

Vanquished Creatures
  Jessica (D:2)
  Terence (D:2)
  3 gnolls
  4 adders (D:2)
  4 orcs (D:2)
  7 ball pythons (D:1)
  6 bats
  3 endoplasms
  2 giant cockroaches (D:1)
  5 goblins
  5 hobgoblins
  A jackal (D:1)
  A quokka (D:1)
  A frilled lizard (D:2)
  9 kobolds
  4 rats
57 creatures vanquished.

Vanquished Creatures (others)
  8 plants
8 creatures vanquished.

Grand Total: 65 creatures vanquished

Notes
Turn   | Place    | Note
-------+----------+-------------------------------------------
     0 | D:1      | grinvi4 the Octopode Conjurer began the quest for the Orb.
     0 | D:1      | Reached XP level 1. HP: 11/11 MP: 3/3
   539 | D:1      | Reached XP level 2. HP: 17/17 MP: 3/5
   703 | D:1      | Reached XP level 3. HP: 7/21 MP: 1/6
   714 | D:1      | HP: 1/21 [jackal (2)]
  1060 | D:1      | Found a faded altar of an unknown god.
  1745 | D:2      | Learned a level 3 spell: Dazzling Flash
  1752 | D:2      | Noticed Jessica
  1787 | D:2      | Killed Jessica
  1788 | D:2      | Reached XP level 4. HP: 23/27 MP: 5/7
  1919 | D:2      | Noticed Terence
  1924 | D:2      | Reached skill level 5 in Conjurations
  2574 | D:2      | Killed Terence
  2575 | D:2      | Reached XP level 5. HP: 31/31 MP: 0/9
  3372 | D:2      | Noticed Sigmund
  3408 | D:2      | Killed from afar by Sigmund

Illustrated notes

Levels and vault maps discovered:
D:1:      tarquinn_simple_flora_water_e, layout_loops_ring,
          basic_ecumenical_altar, minmay_vboxes
D:2:      layout_rooms, chequers_big_river, nicolae_elevator_lobby_asterisk,
          uniq_jessica, uniq_sigmund, uniq_terence

Skill      XL: |  1  2  3  4  5 |
---------------+----------------+-----
Stealth        | 3 |  3.1
Conjurations   | 5 |  5.3
Dodging        | 3 |  3.1
Spellcasting   | 3 |  3.1
Fighting       | |  0.2

Action                   |  1- 3 |  4- 6 || total
-------------------------+-------+-------++-------
Melee: Unarmed           |    14 |       ||    14
       Dagger            |    32 |    19 ||    51
       Constrict         |    10 |     6 ||    16
       Tentacles         |     8 |     3 ||    11
 Cast: Magic Dart        |    26 |    54 ||    80
 Stab: Sleeping          |     8 |     1 ||     9
Armor: Skin              |     5 |     7 ||    12
Dodge: Dodged            |    36 |    42 ||    78
